 Dungeon Crawl Stone Soup version 0.28.0-45-g0d030f2227 (console) character file.

Game seed: 16240036817995189532

146 Faeu the Covered (level 5, -1/47 HPs)
             Began as a Minotaur Fighter on Apr 19, 2022.
             Slain by an orc
             ... wielding a +0 trident
              (6 damage)
             ... on level 3 of the Dungeon.
             The game lasted 00:04:50 (2587 turns).

Faeu the Covered (Minotaur Fighter)                 Turns: 2587, Time: 00:04:51

Health: -1/47      AC:  7    Str: 22    XL:     5   Next: 7%
Magic:  4/4        EV:  9    Int:  5    God:
Gold:   95         SH:  4    Dex: 10    Spells: 4/4 levels left

rFire   . . .      SeeInvis .   a - +0 long sword {long}
rCold   . . .      Faith    .   c - +0 buckler
rNeg    . . .      Spirit   .   b - +0 scale mail
rPois   .          Reflect  .   (helmet restricted)
rElec   .          Harm     .   (no cloak)
rCorr   .          Rampage  .   (no gloves)
Will    .....                   (no boots)
Stlth   ..........              (no amulet)
HPRegen 0.15/turn               g - ring of flight
MPRegen 0.09/turn               (no ring)

@: flying
A: horns 2, retaliatory headbutt
a: no special abilities


You were on level 3 of the Dungeon.
You visited 1 branch of the dungeon, and saw 3 of its levels.

You collected 95 gold pieces.


Innate Abilities, Weirdness & Mutations

You have a pair of horns on your head.
You reflexively headbutt those who attack you in melee.


   Skills:
 + Level 4.6 Fighting
 + Level 3.7 Long Blades
 + Level 4.7 Armour
 + Level 4.7 Shields


You had 4 spell levels left.
You didn't know any spells.
Your spell library contained the following spells:

 Spells                   Type           Power      Damage    Failure   Level
 Inner Flame              Hex/Fire       0%         N/A       99%         3
 Cause Fear               Hex            0%         N/A       100%        4
 Discord                  Hex            0%         N/A       100%        8

Inventory:

Hand Weapons
 a - a +0 long sword (weapon) {long}
 k - a +0 short sword of electrocution {short}
   (You found it on level 1 of the Dungeon)
 m - a +0 dagger {short}
   (You took it off an orc on level 2 of the Dungeon)
Armour
 b - a +0 scale mail (worn)
 c - a +0 buckler (worn)
Jewellery
 f - an amulet of faith {!P}
   (You found it on level 1 of the Dungeon)
 g - a ring of flight (left hand)
   (You found it on level 1 of the Dungeon)
Scrolls
 e - a scroll of holy word {unknown}
 h - a scroll of blinking {unknown}
 i - 4 scrolls of identify {unknown}
 l - 2 scrolls of teleportation {unknown}
 o - a scroll of brand weapon {unknown}
 s - 3 scrolls of fear {unknown}
Potions
 d - a potion of might
 j - a potion of attraction {unknown}
 n - a potion of curing {unknown}
 p - a potion of degeneration {unknown}
 q - a potion of ambrosia {unknown}
 r - a potion of flight {unknown}
 t - a potion of mutation {unknown}

Dungeon Overview and Level Annotations

Branches:
Dungeon (3/15)

Altars:
Beogh

###.##.#
#.###......#
#..........#
#######.#.##....
.
..##....#.####.#
# #. #.##.####.#
# # ##. ##.##.#
#.# # ... ..##)#
#.# . ... #.##.##
.# . #.# #.#...#
. ..##@#...#
##.#.#.#{#...#
.<.....oo.#.##
##.#.#........$..
#...#...###.##.
##.###.## #.# ...
..# .# .## ...# #
# ####. #


You could see 2 orcs.


Message History

The orc hits you with a +0 falchion. 😕 HP[-3]
You take 3 damage, and now have 44/47 hp.
You barely miss the orc. The orc hits you but does no damage. x2
You hit the orc but do no damage. You headbutt the orc!
The orc hits you but does no damage.
You hit the orc but do no damage. Your headbutt misses the orc.
The orc barely misses you.
You hit the orc but do no damage. The orc hits you with a +0 falchion!
The orc hits you but does no damage. 😕 HP[-6]
You take 6 damage, and now have 38/47 hp.
You closely miss the orc. You block the orc's attack.
You closely miss the orc. You block the orc's attack.
You barely miss the orc.
The orc hits you with a +0 falchion. 😮 HP[-3]
You take 3 damage, and now have 35/47 hp.
You hit the orc.
You kill the orc!
You hit the orc. The orc hits you but does no damage.
You block the orc's attack.
You hit the orc.
You kill the orc! 😕 HP[+1]
Items here: )) [[ †.
Okay, then.
An orc wizard comes into view. It is wielding a +0 dagger.
The orc wizard shouts! 😎 HP[+11]
An orc comes into view. It is wielding a +0 trident.
The orc shouts!
An orc comes into view. It is wielding a +0 falchion.
The orc wizard hits you but does no damage.
You hit the orc wizard.
The orc wizard hits you with a +0 dagger. 😕 HP[-2]
You take 2 damage, and now have 45/47 hp.
You hit the orc wizard but do no damage.
The orc wizard casts a spell at you. The puff of flame hits you!
The orc wizard barely misses you.
The orc hits you but does no damage. 😮 HP[-11]
You take 11 damage, and now have 34/47 hp.
MASSIVE DAMAGE!! (PAUSE)
You closely miss the orc wizard. You block the orc's attack.
The orc wizard casts a spell.
The orc wizard flickers and vanishes!
Deactivating autopickup; reactivate with Ctrl-A.
The orc hits you with a +0 falchion. The orc barely misses you. 😮 HP[-2]
You take 2 damage, and now have 32/47 hp.
You barely miss something. Something hits you.
The orc barely misses you. 😮 HP[-1]
You take 1 damage, and now have 31/47 hp.
You barely miss something. Something hits you but does no damage.
The orc completely misses you.
The orc hits you from afar with a +0 trident.
Something hits you but does no damage. 😮 HP[-1]
You take 1 damage, and now have 30/47 hp.
You closely miss something. The orc hits you with a +0 falchion.
The orc barely misses you. Something hits you but does no damage.
The orc hits you with a +0 falchion.
* * * LOW HITPOINT WARNING * * *
The orc hits you from afar with a +0 trident.
* * * LOW HITPOINT WARNING * * *
😨 HP[-12]
You take 12 damage, and now have 18/47 hp.
MASSIVE DAMAGE!! (PAUSE)
You hear some strange, mumbled words.
Something tries to affect you, but you resist.
You closely miss something. Something completely misses you.
The orc completely misses you. 😨 HP[+1]
You miss something. Something hits you.
* * * LOW HITPOINT WARNING * * *
The orc hits you from afar with a +0 trident.
* * * LOW HITPOINT WARNING * * *
😱 HP[-10]
You take 10 damage, and now have 9/47 hp.
MASSIVE DAMAGE!! (PAUSE)
You slash something! Your headbutt misses something.
Something hits you but does no damage. The orc barely misses you.
You hear some strange, mumbled words.
A magic dart appears from out of thin air!
The magic dart hits you.
* * * LOW HITPOINT WARNING * * *
😱 HP[-2]
You take 2 damage, and now have 7/47 hp.
You miss something. The orc barely misses you. Something hits you.
* * * LOW HITPOINT WARNING * * *
The orc hits you but does no damage. 😱 HP[-2]
You take 2 damage, and now have 5/47 hp.
You barely miss something. Your headbutt misses something.
You block something's attack. The orc barely misses you.
You hit something but do no damage. Something hits you.
* * * LOW HITPOINT WARNING * * *
The orc hits you from afar with a +0 trident.
You die...

Skill      XL: |  1  2 |
---------------+-------+-----
Armour         | 4 |  4.7
Fighting       | 4 |  4.6
Shields        | 4 |  4.7
Long Blades    | 3 |  3.7

Action                   |  1- 3 |  4- 6 || total
-------------------------+-------+-------++-------
Melee: Long sword        |    79 |    62 ||   141
       Headbutt          |    11 |    12 ||    23
Armor: Scale mail        |    27 |    27 ||    54
Dodge: Dodged            |    34 |    25 ||    59
Block: Buckler           |    11 |    15 ||    26

Levels and vault maps discovered:
D:1:      erik_arrival_cave_to_civilisation [erik_arrival_cave_to_temple],
          layout_rooms, shapermc_ecumenical_altar_venn
D:2:      wad_pebble_path, layout_loops_corners, guppyfry_early_orc_mine
D:3:      layout_loops_ring, nicolae_overflow_ecumenical_swirl, minivault_11

Notes
Turn   | Place    | Note
-------+----------+-------------------------------------------
     0 | D:1      | Faeu the Minotaur Fighter began the quest for the Orb.
     0 | D:1      | Reached XP level 1. HP: 19/19 MP: 0/0
     0 | D:1      | magus.rc [v1.9.6]
   306 | D:1      | Reached XP level 2. HP: 27/27 MP: 1/1
   310 | D:1      | Found a faded altar of an unknown god.
   484 | D:1      | Reached skill level 4 in Armour
   528 | D:1      | Reached skill level 4 in Fighting
   528 | D:1      | Reached skill level 4 in Shields
   859 | D:1      | Noticed an orc warrior
   985 | D:2      | Reached skill level 3 in Long Blades
   985 | D:2      | Reached XP level 3. HP: 33/33 MP: 2/2
  1311 | D:2      | Reached XP level 4. HP: 37/40 MP: 3/3
  2204 | D:3      | You pick up a book of Hexes and begin reading...
  2204 | D:3      | You add the spells Inner Flame, Cause Fear and Discord to
                  | your library.
  2246 | D:3      | Reached XP level 5. HP: 16/47 MP: 4/4
  2583 | D:3      | HP: 9/47 [orc/+0 trident (6)]
  2587 | D:3      | Slain by an orc

Vanquished Creatures
  4 gnolls (D:3)
  4 adders
  2 worms
  3 dart slugs
  6 orcs
  A ball python (D:3)
  6 endoplasms
  2 giant cockroaches (D:2)
  4 hobgoblins
  2 jackals (D:1)
  4 kobolds
  3 quokkas
  3 bats
  2 frilled lizards (D:1)
  3 goblins
  6 rats
55 creatures vanquished.

Table legend:
 A = Non-vault XP
 B = Vault XP
 C = Vault XP percentage of total XP
 D = Non-vault monster count
 E = Vault monster count
 F = Vault count percentage of total count
                 A         B        C        D         E       F
            +---------+---------+-------+---------+---------+-------
      Total |     189 |      20 |   9.6 |      46 |       9 |  16.4
            +---------+---------+-------+---------+---------+-------
        D:1 |      34 |       3 |   8.1 |      19 |       2 |   9.5
        D:2 |      60 |      17 |  22.1 |      14 |       7 |  33.3
        D:3 |      95 |       0 |   0.0 |      13 |       0 |   0.0
            +---------+---------+-------+---------+---------+-------

Illustrated notes

Table legend:
 A = Kills in this place as a percentage of kills in entire the game.
 B = Kills by you in this place as a percentage of kills by you in the entire game.
 C = Kills by friends in this place as a percentage of kills by friends in the entire game.
 D = Other kills in this place as a percentage of other kills in the entire game.
 E = Experience gained in this place as a percentage of experience gained in the entire game.
 F = Experience gained in this place divided by the number of levels of this place that you have seen.
                   A       B       C       D       E      F
               +-------+-------+-------+-------+-------+----------------------
         Total | 100.0 | 100.0 |   N/A |   N/A | 100.0 |  69.7
       Dungeon | 100.0 | 100.0 |   N/A |   N/A | 100.0 |  69.7
               +-------+-------+-------+-------+-------+----------------------

Table legend: (Time is in decaauts)
 A = Elapsed time spent in this place.
 B = Non-inter-level travel time spent in this place.
 C = Inter-level travel time spent in this place.
 D = Time resting spent in this place.
 E = Time spent auto-exploring this place.
 F = Levels seen in this place.
 G = Mean time per level.
                   A        B        C        D        E       F      G
               +--------+--------+--------+--------+--------+-----+--------+
         Total |   2625 |   2539 |     86 |      0 |   2004 |   3 |  875.0 |
       Dungeon |   2625 |   2539 |     86 |      0 |   2004 |   3 |  875.0 |
               +--------+--------+--------+--------+--------+-----+--------+

Top non-repeatable levels by time:
     D:2: 982 daAuts
     D:1: 949 daAuts
     D:3: 694 daAuts
